 Dungeon Crawl Stone Soup version 0.29-a0-577-gafbf2c5d25 (webtiles) character file.

Game seed: 12195970717121798063

39 DocClef the Sneak (level 3, -1/33 HPs)
             Began as a Draconian Delver on June 13, 2022.
             Slain by a gnoll
             ... wielding a +0 club
             ... led by a gnoll shaman
              (4 damage)
             ... on level 4 of the Dungeon.
             The game lasted 00:00:11 (75 turns).

DocClef the Sneak (Draconian Delver)                  Turns: 75, Time: 00:00:11

Health: -1/33      AC:  5    Str: 14    XL:     3   Next: 26%
Magic:  3/3        EV: 12    Int: 10    God:
Gold:   17         SH:  0    Dex: 14    Spells: 2/2 levels left

rFire   . . .      SeeInvis .   a - +0 short sword
rCold   . . .      Faith    .   (no shield)
rNeg    . . .      Spirit   .   (body armour unavailable)
rPois   .          Reflect  .   (helmet restricted)
rElec   .          Harm     .   (no cloak)
rCorr   .          Rampage  .   (no gloves)
Will    .....                   (no boots)
Stlth   +++.......              (no amulet)
HPRegen 0.11/turn               (no ring)
MPRegen 0.08/turn               (no ring)

@: no status effects
A: AC +5, unfitting armour, cold-blooded
a: no special abilities


You were on level 4 of the Dungeon.
You visited 1 branch of the dungeon, and saw 2 of its levels.

You collected 17 gold pieces.

Inventory:

Hand Weapons
 a - a +0 short sword (weapon)
Wands
 f - a wand of digging (3)
Scrolls
 b - a scroll of fog
 c - a scroll of magic mapping
 d - a scroll of fear
Potions
 e - a potion of haste


   Skills:
 + Level 3.7 Fighting
 + Level 2.5 Short Blades
 + Level 2.2 Dodging
 + Level 4.8 Stealth


You had 2 spell levels left.
You didn't know any spells.
Your spell library was empty.

Dungeon Overview and Level Annotations

Branches:
Dungeon (5/15)
 Temple: D:4-7

Altars:


Innate Abilities, Weirdness & Mutations

Your plain brown scales are hard. (AC +5)
You cannot fit into any form of body armour.
You are cold-blooded and may be slowed by cold attacks.


Message History

The hound is heavily wounded.
The hound misses you. The gnoll closely misses you.
The hound bites you but does no damage.
You closely miss the hound.
The hound is heavily wounded.
The gnoll hits you with a +0 club. The hound barely misses you.
You hit the hound.
The hound is almost dead.
The hound misses you. The gnoll barely misses you.
The hound closely misses you.
You hit the hound.
The hound is almost dead.
The gnoll hits you with a +0 club. The hound bites you but does no damage.
You closely miss the hound.
The hound is almost dead.
The hound bites you but does no damage. The gnoll completely misses you.
The hound bites you.
You miss the hound.
The hound is almost dead.
The gnoll hits you with a +0 club. The hound bites you.
* * * LOW HITPOINT WARNING * * *
You barely miss the hound. You tail-slap the hound.
You kill the hound!
The gnoll hits you with a +0 club.
* * * LOW HITPOINT WARNING * * *
You have reached level 3!
Your experience leads to an increase in your attributes!
Increase (S)trength, (I)ntelligence, or (D)exterity?
You feel agile. x2; Your scales feel tougher.
You hit the gnoll. You tail-slap the gnoll.
The gnoll is heavily wounded.
The gnoll hits you with a +0 club.
* * * LOW HITPOINT WARNING * * *
You hit the gnoll. You tail-slap the gnoll.
The gnoll is severely wounded.
The gnoll misses you.
You barely miss the gnoll.
The gnoll is severely wounded.
The gnoll hits you with a +0 club.
You die... # #. .. #####.##### ......g@†.# .##########

You could see a gnoll.

Vanquished Creatures
  A hound (D:4)
  A gnoll (D:5)
2 creatures vanquished.

Vanquished Creatures (others)
  A plant (D:4)
1 creature vanquished.

Grand Total: 3 creatures vanquished

Notes
Turn   | Place    | Note
-------+----------+-------------------------------------------
     0 | D:5      | DocClef the Draconian Delver began the quest for the Orb.
     0 | D:5      | Reached XP level 1. HP: 19/19 MP: 1/1
    47 | D:5      | Noticed a gnoll shaman
    52 | D:5      | Noticed a hound
    54 | D:5      | Reached XP level 2. HP: 26/26 MP: 2/2
    54 | D:5      | Noticed a necrophage
    73 | D:4      | Reached XP level 3. HP: 4/33 MP: 3/3
    75 | D:4      | Slain by a gnoll

Illustrated notes

Levels and vault maps discovered:
D:4:      wad_lake_hut, layout_basic, minmay_small_thing
D:5:      layout_cave_pools, nemelex_dance_club_becter,
          nicolae_overflow_quartered_altars, temple_fountains, uniq_sigmund

Skill      XL: |  1 |
---------------+----+-----
Dodging        | 2 |  2.2
Fighting       | |  3.7
Short Blades   | |  2.5
Stealth        | |  4.8

Action                   || total
-------------------------++-------
Melee: Short sword       ||    17
       Tailslap          ||     3
 Stab: Sleeping          ||     1
Armor: Skin              ||     8
Dodge: Dodged            ||    18

Table legend: (Time is in decaauts)
 A = Elapsed time spent in this place.
 B = Non-inter-level travel time spent in this place.
 C = Inter-level travel time spent in this place.
 D = Time resting spent in this place.
 E = Time spent auto-exploring this place.
 F = Levels seen in this place.
 G = Mean time per level.
                   A        B        C        D        E       F      G
               +--------+--------+--------+--------+--------+-----+--------+
         Total |     74 |     74 |      0 |      0 |     45 |   2 |   37.0 |
       Dungeon |     74 |     74 |      0 |      0 |     45 |   2 |   37.0 |
               +--------+--------+--------+--------+--------+-----+--------+

Top non-repeatable levels by time:
     D:5: 59 daAuts
     D:4: 15 daAuts
